 Dungeon Crawl Stone Soup version 0.30-a0-169-g06f667207d (webtiles) character file.

Game seed: 17654742440287089821

1770 qw the Cleaver (level 9, -3/55 HPs)
             Began as a Gargoyle Fighter on Sept 29, 2022.
             Was a Believer of Okawaru.
             Killed from afar by Maggie (30 damage)
             ... with a bolt of fire
             ... on level 6 of the Dungeon.
             The game lasted 00:02:30 (6416 turns).

qw the Cleaver (Gargoyle Fighter)                   Turns: 6416, Time: 00:02:30

Health: -3/55      AC: 28    Str: 25    XL:     9   Next: 7%
Magic:  11/12      EV: 10    Int:  8    God:    Okawaru [**....]
Gold:   448        SH:  5    Dex:  9    Spells: 8/8 levels left

rFire   . . .      SeeInvis .    Y - +4 war axe (protect)
rCold   . . .      Faith    .    c - +0 buckler
rNeg    + . .      Spirit   .    i - +0 chain mail
rPois   inf        Reflect  .    (no helmet)
rElec   +          Harm     .    (no cloak)
rCorr   .          Rampage  .    j - +2 pair of gloves
Will    .....                    (no boots)
Stlth   ..........               (no amulet)
HPRegen 0.18/turn                (no ring)
MPRegen 0.13/turn                (no ring)

@: heroic, under a protective aura, mesmerised
A: sickness immunity, AC +6, negative energy resistance 1, electricity
resistance, torment resistance 1, petrification resistance
a: Renounce Religion, Heroism


You were on level 6 of the Dungeon.
You worshipped Okawaru.
Okawaru was pleased with you.
You visited 2 branches of the dungeon, and saw 7 of its levels.
You also visited: Sewer.

You collected 448 gold pieces.


Innate Abilities, Weirdness & Mutations

You are immune to sickness and miasma.
Your stone body is resilient. (AC +6)
You are immune to poison.
You resist negative energy. (rN+)
You are resistant to electric shocks. (rElec)
You are resistant to unholy torment.
You are immune to petrification.


   Skills:
 - Level 6.1(11.1) Fighting
 + Level 8.4(13.4) Axes
 - Level 4.3(9.3) Armour
 - Level 1.3(6.3) Dodging
 - Level 3.2(8.2) Shields
 - Level 4.1 Invocations


You had 8 spell levels left.
You didn't know any spells.
Your spell library was empty.

Inventory:

Hand Weapons
 e - a +0 morningstar
 Y - a +4 war axe of protection (weapon)
Armour
 c - a +0 buckler (worn)
 i - a +0 chain mail (worn)
 j - a +2 pair of gloves (worn)
Jewellery
 h - a ring of ice
 p - a ring of fire
Scrolls
 f - a scroll of vulnerability {unknown}
 k - 2 scrolls of identify
 r - 2 scrolls of enchant armour
 s - a scroll of teleportation
 t - a scroll of fear {unknown}
Potions
 a - a potion of resistance
 b - a potion of magic
 d - 2 potions of might
 g - a potion of lignification {unknown}
 l - a potion of mutation {unknown}
 m - a potion of brilliance {unknown}
 n - a potion of heal wounds
 o - 2 potions of attraction {unknown}
 q - a potion of curing

Dungeon Overview and Level Annotations

Branches:
Dungeon (6/15)             Temple (1/1) D:4           Sewer (visited)

Altars:
Cheibriados
Dithmenos
Elyvilon
Fedhas
Gozag
Hepliaklqana
Kikubaaqudgha
Makhleb
Nemelex Xobeh
Okawaru
Qazlal
Ru
Trog
Uskayaw
Vehumet
Wu Jian
Yredelemnul
Zin
The Shining One

Annotations:
D:3 3 runed translucent doors, qw's ghost, amateur GrFi
D:6 Maggie


Message History

You closely miss Maggie.
Maggie is lightly wounded.
Maggie closely misses you.
You completely miss Maggie.
Maggie is lightly wounded.
Maggie barely misses you.
You barely miss Maggie.
Maggie is lightly wounded.
Maggie hits you with a +2 halberd of flaming.
Maggie burns you.
You closely miss Maggie.
Maggie is lightly wounded.
Maggie closely misses you.
You hit Maggie but do no damage.
Your weapon exudes an aura of protection.
Maggie is lightly wounded.
Maggie casts a spell.
Maggie attempts to bespell you!
You are mesmerised by Maggie!
You closely miss Maggie.
Maggie is lightly wounded.
Maggie barely misses you.
You slash Maggie!
Maggie is moderately wounded.
Maggie hits you with a +2 halberd of flaming.
Maggie burns you.
You closely miss Maggie.
Maggie is moderately wounded.
You block Maggie's attack.
You hit Maggie.
Maggie is moderately wounded.
You slice Maggie!!
Maggie is severely wounded.
Maggie barely misses you.
You hit Maggie.
Maggie is severely wounded.
Maggie casts a spell at you. The bolt of fire hits you!!
Ouch! That really hurt!
You die...

#%#####.#
<..####.# ..#
........# ##.#.#
...###### ...#..
...# #.##.# ###
...##### ##.##.#
.... ........
.....##.....
........
#.##.@o.....
.>.......####.##@#
...#####.........#
...# ######.####
...# #.# ...#
#.####### ...#
#........ #.##
#..#####. #.#
#..##.# #.###
#....#


You could see Maggie (mesmerising) and an orc.

Vanquished Creatures
  Sigmund (D:2)
  A water moccasin (D:5)
  A sky beast (D:5)
  2 ogres
  2 centaurs
  Blork the orc (D:6)
  A necrophage (D:6)
  2 bullfrogs
  2 scorpions (D:6)
  3 jellies
  3 hounds
  3 iguanas
  Jessica (D:3)
  Terence (D:2)
  2 orc wizards
  4 gnolls (D:4)
  15 adders
  2 river rats (Sewer)
  2 white imps
  4 ufetubi
  A worm (D:4)
  5 dart slugs
  14 orcs
  15 ball pythons
  9 bats
  10 endoplasms
  6 giant cockroaches
  4 goblins
  5 hobgoblins (D:1)
  3 jackals (Sewer)
  12 kobolds
  8 quokkas
  2 frilled lizards
  7 rats
154 creatures vanquished.

Notes
Turn   | Place    | Note
-------+----------+-------------------------------------------
     0 | D:1      | qw the Gargoyle Fighter began the quest for the Orb.
     0 | D:1      | Reached XP level 1. HP: 14/14 MP: 1/1
     0 | D:1      | 0 ||| qw: Version: 0.2-a-12-gaebbb33
     0 | D:1      | 0 ||| qw: Game counter: 1333
     0 | D:1      | 0 ||| qw: Always use a shield: true
     0 | D:1      | 0 ||| qw: God list: Okawaru
     0 | D:1      | 0 ||| qw: Allow faded altars: false
     0 | D:1      | 0 ||| qw: Do Orc after D:15 true
     0 | D:1      | 0 ||| qw: Do second Lair branch before Depths: true
     0 | D:1      | 0 ||| qw: Lair rune preference: random
     0 | D:1      | 0 ||| qw: Plans: Normal, Zot:1-4, God:TSO, Crypt, Tomb,
                  | Pan, Slime:5, Hells, Abyss, Orb
     0 | D:1      | 0 ||| PLANNING D:1-11
    51 | D:1      | Reached skill level 2 in Axes
   131 | D:1      | 131 ||| Stepping ~*~*~tactically~*~*~ (stealth).
   140 | D:1      | Reached XP level 2. HP: 19/19 MP: 2/2
   272 | D:1      | 272 ||| Stepping ~*~*~tactically~*~*~ (hiding).
   274 | D:1      | 274 ||| Stepping ~*~*~tactically~*~*~ (hiding).
   529 | D:1      | 529 ||| Stepping ~*~*~tactically~*~*~ (hiding).
   533 | D:1      | 533 ||| Stepping ~*~*~tactically~*~*~ (hiding).
   541 | D:1      | Reached skill level 3 in Axes
   658 | D:1      | Reached XP level 3. HP: 23/23 MP: 3/3
   918 | D:1      | 918 ||| DROPPING +0 club.
  1152 | D:1      | 1152 ||| READING scroll labelled BELATU CIAT.
  1153 | D:1      | 1153 ||| READING 2 scrolls labelled ZOGUIT ROMUEG.
  1154 | D:1      | 1154 ||| READING 2 scrolls labelled KIAZ SOMESTEI.
  1158 | D:1      | 1158 ||| READING scroll labelled UFOREWUAGE.
  1159 | D:1      | 1159 ||| READING 2 scrolls labelled PYCZORR CUEDI.
  1160 | D:1      | 1160 ||| DROPPING scroll of poison.
  1465 | D:2      | Reached XP level 4. HP: 28/28 MP: 4/4
  1578 | D:2      | 1578 ||| Stepping ~*~*~tactically~*~*~ (stealth).
  1753 | D:2      | Noticed Terence
  1760 | D:2      | Killed Terence
  1761 | D:2      | Reached skill level 4 in Axes
  1798 | D:2      | Noticed Sigmund
  1805 | D:2      | Killed Sigmund
  1806 | D:2      | Reached skill level 5 in Axes
  1806 | D:2      | Reached XP level 5. HP: 25/32 MP: 5/5
  1806 | D:2      | Reached XP level 6. HP: 29/37 MP: 6/6
  2021 | D:2      | You fall into a shaft and drop 1 floor!
  2044 | D:3      | 2044 ||| Stepping ~*~*~tactically~*~*~ (stealth).
  2067 | D:3      | 2067 ||| Stepping ~*~*~tactically~*~*~ (hiding).
  2187 | D:3      | 2187 ||| DROPPING orb of energy.
  2188 | D:3      | 2188 ||| READING scroll labelled PIOCUOT KACEGIECIO.
  2189 | D:3      | 2189 ||| READING scroll labelled WIATZAS MOJOR.
  2190 | D:3      | Noticed Jessica
  2195 | D:3      | Killed Jessica
  2196 | D:3      | 2196 ||| FLEEEEING.
  2197 | D:3      | 2197 ||| FLEEEEING.
  2198 | D:3      | 2198 ||| STAIRDANCE
  2204 | D:3      | 2204 ||| STAIRDANCE
  2210 | D:2      | 2210 ||| DROPPING +0 mace.
  2211 | D:2      | 2211 ||| UPGRADING to +0 chain mail.
  2221 | D:2      | 2221 ||| DROPPING +0 scale mail.
  2309 | D:3      | 2309 ||| Stepping ~*~*~tactically~*~*~ (hiding).
  2311 | D:3      | 2311 ||| Stepping ~*~*~tactically~*~*~ (hiding).
  2543 | D:3      | 2543 ||| Stepping ~*~*~tactically~*~*~ (hiding).
  2726 | D:3      | Found a runed translucent gate.
  2726 | D:3      | Found a runed translucent gate.
  2726 | D:3      | Found a runed translucent gate.
  2727 | D:3      | Noticed qw's ghost (amateur GrFi)
  3102 | D:3      | 3102 ||| UPGRADING to +0 pair of gloves.
  3107 | D:3      | 3107 ||| READING 2 scrolls of enchant armour.
  3107 | D:3      | 3107 ||| ENCHANTING +0 pair of gloves.
  3108 | D:3      | 3108 ||| READING scroll of enchant armour.
  3108 | D:3      | 3108 ||| ENCHANTING +1 pair of gloves.
  3321 | D:4      | 3321 ||| READING scroll of enchant weapon.
  3321 | D:4      | 3321 ||| ENCHANTING +1 war axe of protection.
  3334 | D:4      | 3334 ||| Stepping ~*~*~tactically~*~*~ (stealth).
  3335 | D:4      | 3335 ||| Stepping ~*~*~tactically~*~*~ (stealth).
  3371 | D:4      | Found a staircase to the Ecumenical Temple.
  3373 | D:4      | 3373 ||| PLANNING TEMPLE
  3373 | D:4      | 3373 ||| DROPPING scarf of shadows.
  3374 | D:4      | 3374 ||| READING 2 scrolls of identify.
  3374 | D:4      | 3374 ||| IDENTIFYING fuming sapphire potion
  3383 | Temple   | Entered the Ecumenical Temple
  3471 | Temple   | 3471 ||| PLANNING OKAWARU WORSHIP
  3532 | Temple   | Became a worshipper of Warmaster Okawaru
  3533 | Temple   | 3533 ||| PLANNING D:1-11
  3649 | D:4      | Reached skill level 6 in Axes
  3710 | D:4      | Reached XP level 7. HP: 43/43 MP: 7/7
  3727 | D:4      | Reached skill level 1 in Dodging
  3751 | D:4      | Found a hazy altar of Hepliaklqana.
  3818 | D:4      | 3818 ||| DRINKING 2 blue potions.
  3819 | D:4      | 3819 ||| READING scroll of teleportation.
  4297 | D:4      | 4297 ||| Stepping ~*~*~tactically~*~*~ (stealth).
  4308 | D:4      | Reached skill level 7 in Axes
  4517 | D:4      | 4517 ||| READING scroll labelled CITINE HAMN.
  4549 | D:5      | Entered Level 5 of the Dungeon
  4550 | D:5      | 4550 ||| PLANNING SEWER
  4593 | D:5      | Reached * piety under Okawaru
  4628 | D:5      | Found a burning altar of Makhleb.
  4708 | D:5      | 4708 ||| Stepping ~*~*~tactically~*~*~ (hiding).
  4709 | D:5      | 4709 ||| Stepping ~*~*~tactically~*~*~ (hiding).
  4712 | D:5      | 4712 ||| INVOKING Heroism.
  4718 | D:5      | Reached skill level 1 in Invocations
  4722 | D:5      | Reached XP level 8. HP: 43/49 MP: 5/9
  4983 | D:5      | Found a glowing drain.
  4984 | D:5      | 4984 ||| READING 2 scrolls of identify.
  4984 | D:5      | 4984 ||| IDENTIFYING brown potion
  4995 | D:5      | 4995 ||| FLEEEEING.
  4996 | D:5      | 4996 ||| FLEEEEING.
  4997 | D:5      | 4997 ||| FLEEEEING.
  4998 | D:5      | 4998 ||| FLEEEEING.
  4999 | D:5      | 4999 ||| FLEEEEING.
  5011 | D:5      | 5011 ||| FLEEEEING.
  5012 | D:5      | 5012 ||| FLEEEEING.
  5013 | D:5      | 5013 ||| FLEEEEING.
  5014 | D:5      | 5014 ||| FLEEEEING.
  5015 | D:5      | 5015 ||| FLEEEEING.
  5016 | D:5      | 5016 ||| FLEEEEING.
  5017 | D:5      | 5017 ||| FLEEEEING.
  5018 | D:5      | 5018 ||| FLEEEEING.
  5019 | D:5      | 5019 ||| FLEEEEING.
  5020 | D:5      | 5020 ||| FLEEEEING.
  5021 | D:5      | 5021 ||| FLEEEEING.
  5022 | D:5      | 5022 ||| FLEEEEING.
  5026 | D:5      | 5026 ||| FLEEEEING.
  5027 | D:5      | 5027 ||| FLEEEEING.
  5028 | D:5      | 5028 ||| STAIRDANCE
  5034 | D:5      | 5034 ||| STAIRDANCE
  5084 | D:5      | Reached skill level 3 in Invocations
  5114 | Sewer    | Entered a sewer
  5156 | Sewer    | 5156 ||| Stepping ~*~*~tactically~*~*~ (water).
  5189 | Sewer    | 5189 ||| READING scroll of enchant weapon.
  5189 | Sewer    | 5189 ||| ENCHANTING +2 war axe of protection.
  5253 | Sewer    | 5253 ||| INVOKING Heroism.
  5331 | Sewer    | 5331 ||| INVOKING Heroism.
  5484 | Sewer    | 5484 ||| INVOKING Heroism.
  5676 | Sewer    | 5676 ||| DROPPING potion of degeneration.
  5702 | D:5      | 5702 ||| PLANNING D:1-11
  5814 | D:5      | 5814 ||| READING scroll labelled SYRHIWEGEH.
  5829 | D:6      | 5829 ||| INVOKING Heroism.
  5854 | D:6      | 5854 ||| STAIRDANCE
  5917 | D:6      | Reached skill level 8 in Axes
  5943 | D:6      | 5943 ||| READING scroll of enchant weapon.
  5943 | D:6      | 5943 ||| ENCHANTING +3 war axe of protection.
  6067 | D:6      | 6067 ||| INVOKING Heroism.
  6091 | D:6      | Reached skill level 6 in Fighting
  6169 | D:6      | Reached ** piety under Okawaru
  6238 | D:6      | Noticed Blork the orc
  6239 | D:6      | 6239 ||| INVOKING Heroism.
  6248 | D:6      | Killed Blork the orc
  6249 | D:6      | Reached XP level 9. HP: 55/55 MP: 10/12
  6317 | D:6      | 6317 ||| Stepping ~*~*~tactically~*~*~ (hiding).
  6396 | D:6      | Noticed Maggie
  6397 | D:6      | 6397 ||| Stepping ~*~*~tactically~*~*~ (stealth).
  6399 | D:6      | 6399 ||| Stepping ~*~*~tactically~*~*~ (hiding).
  6405 | D:6      | 6405 ||| INVOKING Heroism.
  6416 | D:6      | Killed from afar by Maggie

Levels and vault maps discovered:
D:1:      minmay_arrival_glassed_features, layout_loops_ring, nrook_mini_vaults,
          hex_tiny, minmay_misc_feat_roman
D:2:      layout_loops_ring, uniq_sigmund, uniq_terence
D:3:      layout_basic, ebering_ghost_rock_garden, uniq_jessica
D:4:      layout_loops_corners, amcnicky_altar_gilded, minmay_temple_entry_mist
D:5:      layout_rooms, mainiacjoe_overflow_catwalk,
          cheibrodos_sewer_entry_drain
D:6:      layout_loops_cross, uniq_blork_the_orc, uniq_maggie,
          uniq_crazy_yiuf_cottage
Temple:   minmay_crystal_spiral_temple

Skill      XL: |  1  2  3  4  5  6  7  8 |
---------------+-------------------------+-----
Axes           | 2 3 5 6 7 8 |  8.4
Fighting       | 4 5 6 |  6.1
Dodging        | 1 |  1.3
Invocations    | 1 4 |  4.1
Armour         | 4 |  4.3
Shields        | |  3.2

Action                   |  1- 3 |  4- 6 |  7- 9 || total
-------------------------+-------+-------+-------++-------
Melee: War axe           |    91 |   119 |   303 ||   513
Invok: Heroism           |       |       |     8 ||     8
  Use: Scroll            |     5 |     6 |     6 ||    17
       Potion            |       |       |     1 ||     1
Armor: Scale mail        |    44 |    22 |       ||    66
       Chain mail        |       |    45 |   199 ||   244
Dodge: Dodged            |    41 |    47 |   117 ||   205
Block: Buckler           |    11 |    16 |    62 ||    89

Table legend:
 A = Non-vault XP
 B = Vault XP
 C = Vault XP percentage of total XP
 D = Non-vault monster count
 E = Vault monster count
 F = Vault count percentage of total count
                 A         B        C        D         E       F
            +---------+---------+-------+---------+---------+-------
      Total |    1955 |     574 |  22.7 |     114 |      40 |  26.0
            +---------+---------+-------+---------+---------+-------
        D:1 |      47 |       0 |   0.0 |      25 |       0 |   0.0
        D:2 |      59 |     262 |  81.6 |      14 |       2 |  12.5
        D:3 |      47 |      37 |  44.0 |      18 |       1 |   5.3
        D:4 |     515 |       0 |   0.0 |      28 |       0 |   0.0
        D:5 |     645 |       3 |   0.5 |      14 |       3 |  17.6
        D:6 |     642 |     100 |  13.5 |      15 |       1 |   6.2
      Sewer |       0 |     172 | 100.0 |       0 |      33 | 100.0
            +---------+---------+-------+---------+---------+-------
